Sabres vs Hurricanes

Created - Monday, October 13, 2014 at 02:22

Goals
1 2 3 OT1 SO T
Sabres 1 1 0 0 0 2
Hurricanes 0 1 1 0 1 3
Shots
1 2 3 OT1 SO T
Sabres 16 6 10 1 3 33
Hurricanes 2 9 17 1 2 29

1st period

1. Sabres , Steven Stamkos 6 (Sidney Crosby, Henrik Zetterberg) at 19:30 (PP)

Penalties :
Marty Havlat (Car) for Hooking (Minor) at 3:30, Aaron Ness (Car) for Tripping (Minor) at 12:51, Radim Vrbata (Car) for Tripping (Minor) at 19:13, Tyler Myers (Buf) for Holding (Minor) at 19:49

2nd period

2. Sabres , Steven Stamkos 7 (Henrik Zetterberg) at 2:20
3. Hurricanes , Radim Vrbata 2 (Aaron Ness) at 8:06

Penalties :
Mike Fisher (Car) for Interference (Minor) at 5:04, Matt Bartkowski (Buf) for Tripping (Minor) at 10:49, Tyler Myers (Buf) for Tripping (Minor) at 18:22

3rd period

4. Hurricanes , Mike Fisher 1 (Thomas Hickey, Loui Eriksson) at 2:44

Penalties :
No Penalty

Overtime #1

No Goal

Penalties :
No Penalty

Shootout

Penalty Shot by Steven Stamkos for Sabres - Shot Misses the Net
Penalty Shot by Radim Vrbata for Hurricanes - Stopped by Josh Harding
Penalty Shot by Sidney Crosby for Sabres - Stopped by Brian Elliott
Penalty Shot by Marian Gaborik for Hurricanes - Goal!
Penalty Shot by Blake Wheeler for Sabres - Stopped by Brian Elliott

Penalties :
No Penalty

Goalie Stats

Josh Harding (Buf), 27 saves from 29 shots - (0.931), OTL, 2-0-1, 65:00 minutes
Brian Elliott (Car), 31 saves from 33 shots - (0.939), W, 3-0-0, 65:00 minutes

Players Stats for Sabres

Player Name              G  A  P  +/- PIM S  H  SB GA TA FO     MP     PP MP  PK MP  
------------------------------------------------------------------------------------
Alec Martinez            0  0  0   0  0   1  0  1  0  0  0/0    18:57   3:05   0:00 
Alex Pietrangelo         0  0  0  -2  0   2  1  1  2  1  0/0    27:30   3:09   3:08 
Blake Wheeler            0  0  0  -1  0   1  1  0  2  0  0/0    15:10   0:00   0:00 
Brooks Orpik             0  0  0  -2  0   1  1  5  0  0  0/0    18:52   0:00   3:08 
Chris Higgins            0  0  0   0  0   1  2  0  1  0  0/0    14:13   0:00   3:12 
Daniel Paille            0  0  0  -1  0   1  1  1  0  0  2/2     7:40   0:00   0:00 
Dany Heatley             0  0  0  -1  0   0  0  1  0  0  0/0    17:53   2:31   0:00 
Dwight King              0  0  0   0  0   1  1  0  0  0  0/0     9:56   0:00   0:00 
Gustav Nyquist           0  0  0   1  0   1  0  1  2  0  0/1    18:25   2:31   0:00 
Henrik Zetterberg        0  2  2   1  0   2  0  0  0  0  1/1    19:11   3:43   0:00 
Jay Bouwmeester          0  0  0   1  0   3  1  4  0  3  0/0    27:11   3:09   2:49 
Marc-Andre Cliche        0  0  0  -1  0   3  0  1  0  1  1/3    11:03   0:00   2:45 
Matt Bartkowski          0  0  0   0  2   1  0  3  0  1  0/0    14:47   0:00   1:59 
Matt Stajan              0  0  0   0  0   2  0  0  4  0  4/12   16:02   2:31   2:45 
Sidney Crosby            0  1  1  -1  0   6  0  1  1  1  9/21   21:39   3:43   0:00 
Steven Stamkos           2  0  2   1  0   7  2  0  1  1  9/12   19:56   3:43   0:00 
Tyler Myers              0  0  0   1  4   0  1  4  1  1  0/0    23:38   3:05   0:50 
Will Acton               0  0  0  -1  0   0  0  2  0  0  2/6    11:57   0:00   3:12 

Players Stats for Hurricanes

Player Name              G  A  P  +/- PIM S  H  SB GA TA FO     MP     PP MP  PK MP  
------------------------------------------------------------------------------------
Aaron Ness               0  1  1   1  2   0  1  0  0  0  0/0    21:01   3:40   0:00 
Brian Flynn              0  0  0   0  0   0  0  2  0  0  2/2    13:23   0:00   3:04 
Dainius Zubrus           0  0  0  -1  0   2  3  1  0  0  1/3    15:59   0:00   3:10 
Dan Girardi              0  0  0   1  0   5  1  3  0  0  0/0    20:50   3:40   0:00 
Francois Beauchemin      0  0  0   1  0   2  1  1  0  1  0/0    24:34   2:17   2:15 
Jiri Hudler              0  0  0   1  0   3  0  0  0  1  0/1    15:37   2:56   0:00 
Loui Eriksson            0  1  1   1  0   0  1  0  0  0  0/0    15:01   3:01   0:00 
Marian Gaborik           0  0  0   1  0   1  0  0  0  0  1/4    17:17   3:01   0:00 
Mark Arcobello           0  0  0  -1  0   3  0  0  2  1  8/12   15:59   0:00   3:10 
Marty Havlat             0  0  0  -1  2   4  0  0  3  0  0/0    13:20   0:00   0:00 
Mike Fisher              1  0  1   1  2   1  3  1  2  0  5/13   17:35   3:01   0:00 
Mikhail Grabovski        0  0  0   1  0   1  1  2  1  0  8/13   18:21   2:56   0:00 
Nate Prosser             0  0  0  -1  0   0  4  3  0  0  0/0    19:36   0:00   3:59 
Radim Vrbata             1  0  1   1  2   4  3  0  4  0  0/0    18:20   2:56   0:00 
Stephen Gionta           0  0  0   0  0   2  0  0  1  0  5/10   13:23   0:00   3:04 
Thomas Hickey            0  1  1   1  0   0  2  1  1  2  0/0    24:34   2:17   2:15 
Viktor Stalberg          0  0  0   0  0   1  2  0  0  0  0/0     9:16   0:00   0:00 
Zbynek Michalek          0  0  0  -1  0   0  2  0  0  0  0/0    19:36   0:00   3:59 

3 Stars

1 - Steven Stamkos (Buf)
2 - Mike Fisher (Car)
3 - Henrik Zetterberg (Buf)

Power Play

Sabres - 1 on 4 Attempt(s) - 25.00%
Hurricanes - 0 on 3 Attempt(s) - 0.00%

Penalty Kill

Sabres - 3 on 3 Attempt(s) - 100.00% - Score 0 goal in Penalty Kill
Hurricanes - 3 on 4 Attempt(s) - 75.00% - Score 0 goal in Penalty Kill

Official

Referees : Unknown
Linesman : Unknown

Game Notes

No Game Note

Finance

Level 1 -- Attendance: 6000 (100.00%) -- Ticket Income $510,000
Level 2 -- Attendance: 5000 (100.00%) -- Ticket Income $240,000
Level 3 -- Attendance: 1789 (89.45%) -- Ticket Income $50,092
Level 4 -- Attendance: 3987 (99.68%) -- Ticket Income $51,831
Luxury Box -- Attendance: 936 (93.60%) -- Ticket Income $168,480
Game was played at the RBC Arena
Total Attendance: 17712 (98.40%)
Total Ticket Income: $1,020,403
Other Income: $499,997
Total Income: $1,520,400

Sabres

5 vs 5 Forward 
   Center                   Left Wing                Right Wing               Time % Phy DF OF 
 1 Sidney Crosby            Dany Heatley             Blake Wheeler            40     1   1  3  
 2 Steven Stamkos           Henrik Zetterberg        Gustav Nyquist           36     0   1  4  
 3 Matt Stajan              Dwight King              Chris Higgins            16     1   2  2  
 4 Will Acton               Daniel Paille            Marc-Andre Cliche        8      2   2  1  

5 vs 5 Defense 
   Defense                  Defense                                           Time % Phy DF OF 
 1 Brooks Orpik             Alex Pietrangelo                                  35     1   3  1  
 2 Jay Bouwmeester          Tyler Myers                                       35     1   2  2  
 3 Alec Martinez            Matt Bartkowski                                   20     1   4  0  
 4 Jay Bouwmeester          Alex Pietrangelo                                  10     1   1  3  

PowerPlay Forward 
   Center                   Left Wing                Right Wing               Time % Phy DF OF 
 1 Sidney Crosby            Henrik Zetterberg        Steven Stamkos           60     0   0  5  
 2 Matt Stajan              Gustav Nyquist           Dany Heatley             40     0   0  5  

PowerPlay Defense
   Defense                  Defense                                           Time % Phy DF OF 
 1 Jay Bouwmeester          Alex Pietrangelo                                  60     0   2  3  
 2 Alec Martinez            Tyler Myers                                       40     0   2  3  

Penalty Kill 4 Players Forward 
   Center                   Wing                     Time % Phy DF OF 
 1 Matt Stajan              Marc-Andre Cliche        50     1   4  0  
 2 Will Acton               Chris Higgins            50     2   3  0  

Penalty Kill 4 Players Defense
   Defense                  Defense                  Time % Phy DF OF 
 1 Brooks Orpik             Alex Pietrangelo         50     1   4  0  
 2 Jay Bouwmeester          Tyler Myers              50     1   4  0  

Penalty Kill - 3 Players Forward 
   Forward                                           Time % Phy DF OF 
 1 Matt Stajan                                       50     1   2  2  
 2 Will Acton                                        50     1   2  2  

Penalty Kill - 3 Players Defense
   Defense                  Defense                  Time % Phy DF OF 
 1 Brooks Orpik             Alex Pietrangelo         50     1   4  0  
 2 Jay Bouwmeester          Tyler Myers              50     1   4  0  

4 vs 4 Forward 
   Center                   Wing                     Time % Phy DF OF 
 1 Sidney Crosby            Gustav Nyquist           50     0   1  4  
 2 Steven Stamkos           Henrik Zetterberg        50     1   1  3  

4 vs 4 Defense
   Defense                  Defense                  Time % Phy DF OF 
 1 Jay Bouwmeester          Alex Pietrangelo         50     1   2  2  
 2 Alec Martinez            Tyler Myers              50     1   2  2  

Last Minutes Offensive
   Center                   Left Wing                Right Wing               Defense                  Defense                  
   Sidney Crosby            Henrik Zetterberg        Steven Stamkos           Jay Bouwmeester          Alex Pietrangelo         

Last Minutes Defensive
   Center                   Left Wing                Right Wing               Defense                  Defense                  
   Matt Stajan              Dwight King              Marc-Andre Cliche        Brooks Orpik             Alex Pietrangelo         

Goaltenders
Starting : Josh Harding             
Backup : Evgeni Nabokov           

Extra Forwards
Normal : Steven Stamkos, Henrik Zetterberg, Matt Stajan - PP : Dany Heatley, Steven Stamkos - PK : Daniel Paille
Extra Defensemen
Normal : Jay Bouwmeester, Matt Bartkowski, Alex Pietrangelo - PP : Brooks Orpik - PK : Matt Bartkowski, Alec Martinez
Penalty Shots
Steven Stamkos, Sidney Crosby, Blake Wheeler, Gustav Nyquist, Henrik Zetterberg

Hurricanes

5 vs 5 Forward 
   Center                   Left Wing                Right Wing               Time % Phy DF OF 
 1 Mike Fisher              Loui Eriksson            Marian Gaborik           28     0   2  3  
 2 Mikhail Grabovski        Jiri Hudler              Radim Vrbata             27     0   2  3  
 3 Mark Arcobello           Dainius Zubrus           Marty Havlat             25     0   2  3  
 4 Stephen Gionta           Viktor Stalberg          Brian Flynn              20     0   2  3  

5 vs 5 Defense 
   Defense                  Defense                                           Time % Phy DF OF 
 1 Francois Beauchemin      Thomas Hickey                                     35     0   2  3  
 2 Dan Girardi              Aaron Ness                                        35     0   2  3  
 3 Zbynek Michalek          Nate Prosser                                      30     1   2  2  
 4 Francois Beauchemin      Thomas Hickey                                     0      0   2  3  

PowerPlay Forward 
   Center                   Left Wing                Right Wing               Time % Phy DF OF 
 1 Mike Fisher              Loui Eriksson            Marian Gaborik           50     0   1  4  
 2 Mikhail Grabovski        Jiri Hudler              Radim Vrbata             50     0   1  4  

PowerPlay Defense
   Defense                  Defense                                           Time % Phy DF OF 
 1 Francois Beauchemin      Thomas Hickey                                     50     0   1  4  
 2 Dan Girardi              Aaron Ness                                        50     0   1  4  

Penalty Kill 4 Players Forward 
   Center                   Wing                     Time % Phy DF OF 
 1 Stephen Gionta           Brian Flynn              50     0   4  1  
 2 Mark Arcobello           Dainius Zubrus           50     0   4  1  

Penalty Kill 4 Players Defense
   Defense                  Defense                  Time % Phy DF OF 
 1 Zbynek Michalek          Nate Prosser             50     1   4  0  
 2 Francois Beauchemin      Thomas Hickey            50     1   4  0  

Penalty Kill - 3 Players Forward 
   Forward                                           Time % Phy DF OF 
 1 Stephen Gionta                                    50     0   5  0  
 2 Mark Arcobello                                    50     0   5  0  

Penalty Kill - 3 Players Defense
   Defense                  Defense                  Time % Phy DF OF 
 1 Zbynek Michalek          Nate Prosser             50     1   4  0  
 2 Francois Beauchemin      Thomas Hickey            50     1   4  0  

4 vs 4 Forward 
   Center                   Wing                     Time % Phy DF OF 
 1 Mike Fisher              Marian Gaborik           50     0   2  3  
 2 Mikhail Grabovski        Radim Vrbata             50     0   2  3  

4 vs 4 Defense
   Defense                  Defense                  Time % Phy DF OF 
 1 Francois Beauchemin      Thomas Hickey            50     0   2  3  
 2 Dan Girardi              Aaron Ness               50     0   2  3  

Last Minutes Offensive
   Center                   Left Wing                Right Wing               Defense                  Defense                  
   Mike Fisher              Marian Gaborik           Radim Vrbata             Francois Beauchemin      Thomas Hickey            

Last Minutes Defensive
   Center                   Left Wing                Right Wing               Defense                  Defense                  
   Stephen Gionta           Dainius Zubrus           Brian Flynn              Zbynek Michalek          Francois Beauchemin      

Goaltenders
Starting : Brian Elliott            
Backup : Jhonas Enroth            

Extra Forwards
Normal : Mike Fisher, Radim Vrbata, Marian Gaborik - PP : Marian Gaborik, Radim Vrbata - PK : Stephen Gionta
Extra Defensemen
Normal : Francois Beauchemin, Thomas Hickey, Dan Girardi - PP : Francois Beauchemin - PK : Zbynek Michalek, Francois Beauchemin
Penalty Shots
Radim Vrbata, Marian Gaborik, Jiri Hudler, Mikhail Grabovski, Marty Havlat

% Time on Ice - Sabres

Lines # - Real PCT - Wanted PCT - Time Play
Normal Forward
1 - 33% - 40% - 15:54
2 - 30% - 36% - 14:19
3 - 21% - 16% - 9:56
4 - 16% - 8% - 7:40
Normal Defense
1 - 33% - 35% - 16:01
2 - 35% - 35% - 16:40
3 - 26% - 20% - 12:29
4 - 6% - 10% - 2:39
PP Forward
1 - 60% - 60% - 3:43
2 - 40% - 40% - 2:31
PP Defense
1 - 51% - 60% - 3:09
2 - 49% - 40% - 3:05
PK Forward
1 - 46% - 50% - 2:45
2 - 54% - 50% - 3:12
PK Defense
1 - 53% - 50% - 3:08
2 - 47% - 50% - 2:49
PK3 Forward
1 - 0% - 50%
2 - 0% - 50%
PK3 Defense
1 - 0% - 50%
2 - 0% - 50%
44 Forward
1 - 53% - 50% - 2:40
2 - 47% - 50% - 2:20
44 Defense
1 - 51% - 50% - 2:33
2 - 49% - 50% - 2:27
Last Minute Offensive  - 0:00
Last Minute Defensive  - 0:00
Total
Forward - 65:00
Defense - 65:00

% Time on Ice - Hurricanes

Lines # - Real PCT - Wanted PCT - Time Play
Normal Forward
1 - 27% - 28% - 13:03
2 - 28% - 27% - 13:12
3 - 26% - 25% - 12:18
4 - 19% - 20% - 9:16
Normal Defense
1 - 34% - 35% - 16:27
2 - 34% - 35% - 16:13
3 - 32% - 30% - 15:09
4 - 0% - 0% - 0:00
PP Forward
1 - 51% - 50% - 3:01
2 - 49% - 50% - 2:56
PP Defense
1 - 38% - 50% - 2:17
2 - 62% - 50% - 3:40
PK Forward
1 - 49% - 50% - 3:04
2 - 51% - 50% - 3:10
PK Defense
1 - 64% - 50% - 3:59
2 - 36% - 50% - 2:15
PK3 Forward
1 - 0% - 50%
2 - 0% - 50%
PK3 Defense
1 - 0% - 50%
2 - 0% - 50%
44 Forward
1 - 45% - 50% - 2:16
2 - 55% - 50% - 2:44
44 Defense
1 - 54% - 50% - 2:41
2 - 46% - 50% - 2:19
Last Minute Offensive  - 0:00
Last Minute Defensive  - 0:00
Total
Forward - 65:00
Defense - 65:00

Play by Play

1st period


0:01 of 1st period - Sidney Crosby wins face-off versus Mike Fisher in neutral zone.
0:14 of 1st period - Alex Pietrangelo is hit by Mike Fisher and loses puck.
1:00 of 1st period - Alex Pietrangelo is hit by Radim Vrbata and loses puck.
1:07 of 1st period - Tyler Myers is hit by Thomas Hickey and loses puck.
1:28 of 1st period - Matt Bartkowski is hit by Thomas Hickey and loses puck.
2:35 of 1st period - Slapshot by Marc-Andre Cliche.
2:35 of 1st period - Stopped by Brian Elliott with a rebound.
2:37 of 1st period - Slapshot by Alec Martinez.
2:37 of 1st period - Shot Blocked by Mikhail Grabovski.
2:39 of 1st period - Slapshot by Alec Martinez.
2:39 of 1st period - Shot Blocked by Thomas Hickey.
3:30 of 1st period - Minor Penalty to Marty Havlat for Hooking.
3:31 of 1st period - Sidney Crosby wins face-off versus Stephen Gionta in Hurricanes zone.
3:55 of 1st period - Backhand shot by Sidney Crosby.
3:55 of 1st period - Stopped by Brian Elliott with a rebound.
3:57 of 1st period - Slapshot by Jay Bouwmeester.
3:57 of 1st period - Stopped by Brian Elliott with a rebound.
3:59 of 1st period - Slapshot by Alex Pietrangelo.
3:59 of 1st period - Deflect By Zbynek Michalek.
3:59 of 1st period - Stopped by Brian Elliott with a rebound.
4:01 of 1st period - Slapshot by Alex Pietrangelo.
4:01 of 1st period - Deflect By Mark Arcobello.
4:01 of 1st period - Stopped by Brian Elliott without a rebound.
4:02 of 1st period - Stephen Gionta wins face-off versus Matt Stajan in Hurricanes zone.
4:07 of 1st period - Tyler Myers is hit by Nate Prosser and loses puck.
4:14 of 1st period - Slapshot by Alec Martinez.
4:14 of 1st period - Shot Blocked by Brian Flynn.
4:16 of 1st period - Slapshot by Matt Stajan.
4:16 of 1st period - Shot Misses the Net.
4:18 of 1st period - Slapshot by Matt Stajan.
4:18 of 1st period - Stopped by Brian Elliott without a rebound.
4:19 of 1st period - Stephen Gionta wins face-off versus Matt Stajan in Hurricanes zone.
5:19 of 1st period - Wrist shot by Steven Stamkos.
5:19 of 1st period - Stopped by Brian Elliott with a rebound.
5:30 of 1st period - Penalty to Marty Havlat is over, Marty Havlat is back on ice.
5:46 of 1st period - Icing by Brian Flynn.
5:47 of 1st period - Stephen Gionta wins face-off versus Marc-Andre Cliche in Hurricanes zone.
6:15 of 1st period - Wrist shot by Marc-Andre Cliche.
6:15 of 1st period - Stopped by Brian Elliott with a rebound.
6:39 of 1st period - Dan Girardi is hit by Dwight King and loses puck.
6:48 of 1st period - Alex Pietrangelo is hit by Mike Fisher and loses puck.
6:57 of 1st period - Matt Stajan is hit by Mike Fisher and loses puck.
7:28 of 1st period - Tyler Myers is hit by Dainius Zubrus and loses puck.
8:37 of 1st period - Alec Martinez is hit by Nate Prosser and loses puck.
9:22 of 1st period - Backhand shot by Tyler Myers.
9:22 of 1st period - Shot Blocked by Dan Girardi.
9:24 of 1st period - Slapshot by Jay Bouwmeester.
9:24 of 1st period - Stopped by Brian Elliott with a rebound.
9:26 of 1st period - Snap shot by Marc-Andre Cliche.
9:26 of 1st period - Shot Blocked by Dainius Zubrus.
9:38 of 1st period - Mark Arcobello is hit by Daniel Paille and loses puck.
9:45 of 1st period - Snap shot by Daniel Paille.
9:45 of 1st period - Stopped by Brian Elliott with a rebound.
10:20 of 1st period - Snap shot by Jiri Hudler.
10:20 of 1st period - Stopped by Josh Harding without a rebound.
10:21 of 1st period - Mikhail Grabovski wins face-off versus Steven Stamkos in Sabres zone.
10:28 of 1st period - Wrist shot by Mikhail Grabovski.
10:28 of 1st period - Shot Misses the Net.
10:30 of 1st period - Snap shot by Radim Vrbata.
10:30 of 1st period - Stopped by Josh Harding without a rebound.
10:31 of 1st period - Steven Stamkos wins face-off versus Marian Gaborik in Sabres zone.
11:27 of 1st period - Wrist shot by Sidney Crosby.
11:27 of 1st period - Stopped by Brian Elliott without a rebound.
11:28 of 1st period - Stephen Gionta wins face-off versus Matt Stajan in Hurricanes zone.
11:43 of 1st period - Snap shot by Brian Flynn.
11:43 of 1st period - Shot Hit the Post.
12:51 of 1st period - Minor Penalty to Aaron Ness for Tripping.
12:52 of 1st period - Sidney Crosby wins face-off versus Mark Arcobello in Hurricanes zone.
13:02 of 1st period - Snap shot by Mark Arcobello.
13:02 of 1st period - Deflect By Dainius Zubrus.
13:02 of 1st period - Shot Misses the Net.
13:02 of 1st period - Puck is out of play.
13:03 of 1st period - Mark Arcobello wins face-off versus Sidney Crosby in Sabres zone.
14:25 of 1st period - Snap shot by Steven Stamkos.
14:25 of 1st period - Stopped by Brian Elliott without a rebound.
14:26 of 1st period - Sidney Crosby wins face-off versus Mark Arcobello in Hurricanes zone.
14:35 of 1st period - Slapshot by Steven Stamkos.
14:35 of 1st period - Deflect By Sidney Crosby.
14:35 of 1st period - Stopped by Brian Elliott with a rebound.
14:45 of 1st period - Slapshot by Alec Martinez.
14:45 of 1st period - Shot Blocked by Nate Prosser.
14:51 of 1st period - Penalty to Aaron Ness is over, Aaron Ness is back on ice.
14:51 of 1st period - Snap shot by Gustav Nyquist.
14:51 of 1st period - Stopped by Brian Elliott with a rebound.
14:53 of 1st period - Slapshot by Alec Martinez.
14:53 of 1st period - Shot Blocked by Nate Prosser.
17:07 of 1st period - Thomas Hickey is hit by Blake Wheeler and loses puck.
17:31 of 1st period - Slapshot by Alec Martinez.
17:31 of 1st period - Shot Misses the Net.
17:55 of 1st period - Viktor Stalberg is hit by Jay Bouwmeester and loses puck.
18:04 of 1st period - Slapshot by Zbynek Michalek.
18:04 of 1st period - Shot Blocked by Tyler Myers.
18:10 of 1st period - Tyler Myers is hit by Zbynek Michalek and loses puck.
18:17 of 1st period - Alex Pietrangelo is hit by Nate Prosser and loses puck.
19:10 of 1st period - Snap shot by Blake Wheeler.
19:10 of 1st period - Stopped by Brian Elliott without a rebound.
19:11 of 1st period - Mikhail Grabovski wins face-off versus Will Acton in Hurricanes zone.
19:13 of 1st period - Minor Penalty to Radim Vrbata for Tripping.
19:14 of 1st period - Sidney Crosby wins face-off versus Stephen Gionta in Hurricanes zone.
19:30 of 1st period - Wrist shot by Steven Stamkos.
19:30 of 1st period - Goal by Steven Stamkos - Sabres : 1 - Hurricanes : 0.
19:31 of 1st period - Mikhail Grabovski wins face-off versus Sidney Crosby in neutral zone.
19:34 of 1st period - Snap shot by Radim Vrbata.
19:34 of 1st period - Shot Misses the Net.
19:36 of 1st period - Snap shot by Radim Vrbata.
19:36 of 1st period - Shot Misses the Net.
19:38 of 1st period - Slapshot by Francois Beauchemin.
19:38 of 1st period - Deflect By Radim Vrbata.
19:38 of 1st period - Deflect By Sidney Crosby.
19:38 of 1st period - Shot Blocked by Jay Bouwmeester.
19:38 of 1st period - Puck is out of play.
19:39 of 1st period - Mikhail Grabovski wins face-off versus Sidney Crosby in Sabres zone.
19:49 of 1st period - Minor Penalty to Tyler Myers for Holding.
19:50 of 1st period - Mike Fisher wins face-off versus Matt Stajan in Sabres zone.
Goals for this period are 1 for Sabres vs 0 for Hurricanes.
Shots for this period are 16 for Sabres vs 2 for Hurricanes.

2nd period


0:01 of 2nd period - Mikhail Grabovski wins face-off versus Will Acton in neutral zone.
0:14 of 2nd period - Snap shot by Jiri Hudler.
0:14 of 2nd period - Shot Blocked by Matt Bartkowski.
0:16 of 2nd period - Slapshot by Dan Girardi.
0:16 of 2nd period - Stopped by Josh Harding with a rebound.
0:18 of 2nd period - Slapshot by Dan Girardi.
0:18 of 2nd period - Stopped by Josh Harding with a rebound.
0:20 of 2nd period - Slapshot by Dan Girardi.
0:20 of 2nd period - Stopped by Josh Harding without a rebound.
0:21 of 2nd period - Marian Gaborik wins face-off versus Matt Stajan in Sabres zone.
0:42 of 2nd period - Snap shot by Marian Gaborik.
0:42 of 2nd period - Deflect By Marc-Andre Cliche.
0:42 of 2nd period - Shot Misses the Net.
0:42 of 2nd period - Puck is out of play.
0:43 of 2nd period - Mikhail Grabovski wins face-off versus Will Acton in Sabres zone.
1:19 of 2nd period - Wrist shot by Radim Vrbata.
1:19 of 2nd period - Stopped by Josh Harding with a rebound.
1:21 of 2nd period - Wrist shot by Jiri Hudler.
1:21 of 2nd period - Shot Blocked by Jay Bouwmeester.
1:33 of 2nd period - Snap shot by Marian Gaborik.
1:33 of 2nd period - Shot Misses the Net.
1:35 of 2nd period - Slapshot by Loui Eriksson.
1:35 of 2nd period - Shot Misses the Net.
1:37 of 2nd period - Slapshot by Thomas Hickey.
1:37 of 2nd period - Shot Misses the Net.
1:39 of 2nd period - Slapshot by Francois Beauchemin.
1:39 of 2nd period - Deflect By Mike Fisher.
1:39 of 2nd period - Shot Blocked by Matt Bartkowski.
1:39 of 2nd period - Puck is out of play.
1:40 of 2nd period - Mike Fisher wins face-off versus Matt Stajan in Sabres zone.
1:45 of 2nd period - Snap shot by Mike Fisher.
1:45 of 2nd period - Shot Blocked by Brooks Orpik.
1:49 of 2nd period - Penalty to Tyler Myers is over, Tyler Myers is back on ice.
1:59 of 2nd period - Francois Beauchemin is hit by Brooks Orpik and loses puck.
2:10 of 2nd period - Wrist shot by Sidney Crosby.
2:10 of 2nd period - Shot Misses the Net.
2:12 of 2nd period - Wrist shot by Alex Pietrangelo.
2:12 of 2nd period - Deflect By Sidney Crosby.
2:12 of 2nd period - Shot Misses the Net.
2:12 of 2nd period - Puck is out of play.
2:13 of 2nd period - Steven Stamkos wins face-off versus Dainius Zubrus in Hurricanes zone.
2:20 of 2nd period - Wrist shot by Steven Stamkos.
2:20 of 2nd period - Goal by Steven Stamkos - Sabres : 2 - Hurricanes : 0.
2:21 of 2nd period - Mark Arcobello wins face-off versus Sidney Crosby in neutral zone.
2:30 of 2nd period - Snap shot by Marty Havlat.
2:30 of 2nd period - Shot Blocked by Brooks Orpik.
3:21 of 2nd period - Francois Beauchemin is hit by Alex Pietrangelo and loses puck.
3:35 of 2nd period - Aaron Ness is hit by Steven Stamkos and loses puck.
5:04 of 2nd period - Minor Penalty to Mike Fisher for Interference.
5:05 of 2nd period - Stephen Gionta wins face-off versus Sidney Crosby in Hurricanes zone.
5:42 of 2nd period - Snap shot by Dany Heatley.
5:42 of 2nd period - Shot Misses the Net.
5:44 of 2nd period - Slapshot by Jay Bouwmeester.
5:44 of 2nd period - Shot Misses the Net.
5:46 of 2nd period - Snap shot by Matt Stajan.
5:46 of 2nd period - Shot Misses the Net.
5:48 of 2nd period - Snap shot by Matt Stajan.
5:48 of 2nd period - Shot Blocked by Nate Prosser.
6:55 of 2nd period - Wrist shot by Dainius Zubrus.
6:55 of 2nd period - Shot Hit the Post.
7:04 of 2nd period - Penalty to Mike Fisher is over, Mike Fisher is back on ice.
7:22 of 2nd period - Icing by Matt Bartkowski.
7:23 of 2nd period - Marc-Andre Cliche wins face-off versus Jiri Hudler in Sabres zone.
7:28 of 2nd period - Slapshot by Alec Martinez.
7:28 of 2nd period - Deflect By Daniel Paille.
7:28 of 2nd period - Shot Misses the Net.
7:28 of 2nd period - Puck is out of play.
7:29 of 2nd period - Will Acton wins face-off versus Mikhail Grabovski in Hurricanes zone.
7:36 of 2nd period - Snap shot by Daniel Paille.
7:36 of 2nd period - Shot Blocked by Dan Girardi.
7:38 of 2nd period - Wrist shot by Marc-Andre Cliche.
7:38 of 2nd period - Stopped by Brian Elliott with a rebound.
7:40 of 2nd period - Snap shot by Brooks Orpik.
7:40 of 2nd period - Shot Blocked by Dan Girardi.
7:56 of 2nd period - Slapshot by Brooks Orpik.
7:56 of 2nd period - Shot Blocked by Mikhail Grabovski.
7:58 of 2nd period - Snap shot by Daniel Paille.
7:58 of 2nd period - Shot Misses the Net.
8:06 of 2nd period - Slapshot by Radim Vrbata.
8:06 of 2nd period - Goal by Radim Vrbata - Sabres : 2 - Hurricanes : 1.
8:07 of 2nd period - Mark Arcobello wins face-off versus Sidney Crosby in neutral zone.
8:45 of 2nd period - Snap shot by Marty Havlat.
8:45 of 2nd period - Stopped by Josh Harding with a rebound.
9:01 of 2nd period - Brian Flynn is hit by Chris Higgins and loses puck.
9:24 of 2nd period - Snap shot by Viktor Stalberg.
9:24 of 2nd period - Shot Misses the Net.
9:26 of 2nd period - Slapshot by Stephen Gionta.
9:26 of 2nd period - Stopped by Josh Harding with a rebound.
10:18 of 2nd period - Wrist shot by Steven Stamkos.
10:18 of 2nd period - Stopped by Brian Elliott without a rebound.
10:19 of 2nd period - Mikhail Grabovski wins face-off versus Marc-Andre Cliche in Hurricanes zone.
10:49 of 2nd period - Minor Penalty to Matt Bartkowski for Tripping.
10:50 of 2nd period - Matt Stajan wins face-off versus Mike Fisher in Sabres zone.
11:12 of 2nd period - Slapshot by Marian Gaborik.
11:12 of 2nd period - Shot Misses the Net.
11:42 of 2nd period - Marc-Andre Cliche is hit by Radim Vrbata and loses puck.
12:02 of 2nd period - Jay Bouwmeester is hit by Dan Girardi and loses puck.
12:33 of 2nd period - Wrist shot by Radim Vrbata.
12:33 of 2nd period - Stopped by Josh Harding without a rebound.
12:34 of 2nd period - Will Acton wins face-off versus Mikhail Grabovski in Sabres zone.
12:49 of 2nd period - Penalty to Matt Bartkowski is over, Matt Bartkowski is back on ice.
13:14 of 2nd period - Chris Higgins is hit by Dainius Zubrus and loses puck.
13:26 of 2nd period - Slapshot by Marty Havlat.
13:26 of 2nd period - Shot Misses the Net.
13:59 of 2nd period - Off-side.
14:00 of 2nd period - Brian Flynn wins face-off versus Sidney Crosby in neutral zone.
14:03 of 2nd period - Slapshot by Dan Girardi.
14:03 of 2nd period - Shot Misses the Net.
14:05 of 2nd period - Wrist shot by Stephen Gionta.
14:05 of 2nd period - Shot Blocked by Tyler Myers.
14:07 of 2nd period - Snap shot by Stephen Gionta.
14:07 of 2nd period - Stopped by Josh Harding with a rebound.
14:09 of 2nd period - Snap shot by Brian Flynn.
14:09 of 2nd period - Shot Misses the Net.
14:11 of 2nd period - Wrist shot by Aaron Ness.
14:11 of 2nd period - Shot Blocked by Jay Bouwmeester.
14:13 of 2nd period - Slapshot by Aaron Ness.
14:13 of 2nd period - Shot Misses the Net.
15:04 of 2nd period - Steven Stamkos is hit by Radim Vrbata and loses puck.
15:25 of 2nd period - Snap shot by Chris Higgins.
15:25 of 2nd period - Stopped by Brian Elliott with a rebound.
15:27 of 2nd period - Slapshot by Brooks Orpik.
15:27 of 2nd period - Stopped by Brian Elliott with a rebound.
15:29 of 2nd period - Snap shot by Dwight King.
15:29 of 2nd period - Stopped by Brian Elliott without a rebound.
15:30 of 2nd period - Matt Stajan wins face-off versus Mark Arcobello in Hurricanes zone.
16:49 of 2nd period - Steven Stamkos is hit by Loui Eriksson and loses puck.
17:02 of 2nd period - Daniel Paille is hit by Zbynek Michalek and loses puck.
17:23 of 2nd period - Marc-Andre Cliche is hit by Viktor Stalberg and loses puck.
18:22 of 2nd period - Minor Penalty to Tyler Myers for Tripping.
18:23 of 2nd period - Matt Stajan wins face-off versus Mike Fisher in Sabres zone.
18:34 of 2nd period - Wrist shot by Mike Fisher.
18:34 of 2nd period - Shot Blocked by Brooks Orpik.
19:17 of 2nd period - Dan Girardi is hit by Chris Higgins and loses puck.
19:32 of 2nd period - Slapshot by Jay Bouwmeester.
19:32 of 2nd period - Shot Misses the Net.
19:48 of 2nd period - Snap shot by Mike Fisher.
19:48 of 2nd period - Shot Misses the Net.
19:50 of 2nd period - Slapshot by Thomas Hickey.
19:50 of 2nd period - Shot Blocked by Matt Bartkowski.
19:52 of 2nd period - Slapshot by Francois Beauchemin.
19:52 of 2nd period - Shot Misses the Net.
Goals for this period are 1 for Sabres vs 1 for Hurricanes.
Shots for this period are 6 for Sabres vs 9 for Hurricanes.

3rd period


0:01 of 3rd period - Mikhail Grabovski wins face-off versus Matt Stajan in neutral zone.
0:22 of 3rd period - Penalty to Tyler Myers is over, Tyler Myers is back on ice.
1:10 of 3rd period - Snap shot by Blake Wheeler.
1:10 of 3rd period - Deflect By Sidney Crosby.
1:10 of 3rd period - Stopped by Brian Elliott with a rebound.
1:12 of 3rd period - Slapshot by Alec Martinez.
1:12 of 3rd period - Deflect By Dan Girardi.
1:12 of 3rd period - Stopped by Brian Elliott without a rebound.
1:13 of 3rd period - Mike Fisher wins face-off versus Sidney Crosby in Hurricanes zone.
1:32 of 3rd period - Snap shot by Sidney Crosby.
1:32 of 3rd period - Stopped by Brian Elliott with a rebound.
1:34 of 3rd period - Slapshot by Sidney Crosby.
1:34 of 3rd period - Shot Misses the Net.
1:36 of 3rd period - Slapshot by Matt Bartkowski.
1:36 of 3rd period - Stopped by Brian Elliott without a rebound.
1:37 of 3rd period - Mark Arcobello wins face-off versus Gustav Nyquist in Hurricanes zone.
2:00 of 3rd period - Snap shot by Marty Havlat.
2:00 of 3rd period - Deflect By Dainius Zubrus.
2:00 of 3rd period - Stopped by Josh Harding with a rebound.
2:02 of 3rd period - Slapshot by Aaron Ness.
2:02 of 3rd period - Shot Misses the Net.
2:04 of 3rd period - Snap shot by Dan Girardi.
2:04 of 3rd period - Shot Misses the Net.
2:06 of 3rd period - Wrist shot by Dainius Zubrus.
2:06 of 3rd period - Shot Misses the Net.
2:08 of 3rd period - Snap shot by Dan Girardi.
2:08 of 3rd period - Shot Misses the Net.
2:10 of 3rd period - Snap shot by Dan Girardi.
2:10 of 3rd period - Deflect By Mark Arcobello.
2:10 of 3rd period - Shot Misses the Net.
2:10 of 3rd period - Puck is out of play.
2:11 of 3rd period - Mike Fisher wins face-off versus Sidney Crosby in Sabres zone.
2:42 of 3rd period - Snap shot by Loui Eriksson.
2:42 of 3rd period - Shot Blocked by Brooks Orpik.
2:44 of 3rd period - Slapshot by Thomas Hickey.
2:44 of 3rd period - Deflect By Mike Fisher.
2:44 of 3rd period - Goal by Mike Fisher - Sabres : 2 - Hurricanes : 2.
2:45 of 3rd period - Mark Arcobello wins face-off versus Steven Stamkos in neutral zone.
2:50 of 3rd period - Snap shot by Marty Havlat.
2:50 of 3rd period - Deflect By Dainius Zubrus.
2:50 of 3rd period - Shot Blocked by Jay Bouwmeester.
2:50 of 3rd period - Puck is out of play.
2:51 of 3rd period - Dainius Zubrus wins face-off versus Steven Stamkos in Sabres zone.
2:54 of 3rd period - Slapshot by Mark Arcobello.
2:54 of 3rd period - Shot Blocked by Tyler Myers.
2:56 of 3rd period - Slapshot by Dan Girardi.
2:56 of 3rd period - Shot Misses the Net.
2:58 of 3rd period - Slapshot by Dan Girardi.
2:58 of 3rd period - Shot Misses the Net.
3:00 of 3rd period - Snap shot by Mark Arcobello.
3:00 of 3rd period - Shot Misses the Net.
3:02 of 3rd period - Wrist shot by Dan Girardi.
3:02 of 3rd period - Shot Blocked by Gustav Nyquist.
3:04 of 3rd period - Snap shot by Aaron Ness.
3:04 of 3rd period - Shot Misses the Net.
3:06 of 3rd period - Slapshot by Dainius Zubrus.
3:06 of 3rd period - Stopped by Josh Harding with a rebound.
3:14 of 3rd period - Wrist shot by Marty Havlat.
3:14 of 3rd period - Shot Misses the Net.
3:16 of 3rd period - Wrist shot by Marty Havlat.
3:16 of 3rd period - Shot Misses the Net.
3:18 of 3rd period - Slapshot by Dan Girardi.
3:18 of 3rd period - Deflect By Jay Bouwmeester.
3:18 of 3rd period - Stopped by Josh Harding with a rebound.
3:20 of 3rd period - Wrist shot by Mark Arcobello.
3:20 of 3rd period - Shot Misses the Net.
3:22 of 3rd period - Slapshot by Aaron Ness.
3:22 of 3rd period - Deflect By Marty Havlat.
3:22 of 3rd period - Shot Blocked by Tyler Myers.
3:22 of 3rd period - Puck is out of play.
3:23 of 3rd period - Sidney Crosby wins face-off versus Mike Fisher in Sabres zone.
3:31 of 3rd period - Off-side.
3:32 of 3rd period - Mike Fisher wins face-off versus Sidney Crosby in neutral zone.
3:59 of 3rd period - Wrist shot by Blake Wheeler.
3:59 of 3rd period - Shot Blocked by Francois Beauchemin.
4:01 of 3rd period - Slapshot by Alex Pietrangelo.
4:01 of 3rd period - Shot Misses the Net.
4:47 of 3rd period - Wrist shot by Steven Stamkos.
4:47 of 3rd period - Deflect By Thomas Hickey.
4:47 of 3rd period - Stopped by Brian Elliott without a rebound.
4:48 of 3rd period - Brian Flynn wins face-off versus Matt Stajan in Hurricanes zone.
4:59 of 3rd period - Wrist shot by Matt Stajan.
4:59 of 3rd period - Stopped by Brian Elliott with a rebound.
5:01 of 3rd period - Slapshot by Chris Higgins.
5:01 of 3rd period - Shot Hit the Post.
5:23 of 3rd period - Backhand shot by Matt Stajan.
5:23 of 3rd period - Deflect By Dwight King.
5:23 of 3rd period - Shot Blocked by Brian Flynn.
5:23 of 3rd period - Puck is out of play.
5:24 of 3rd period - Sidney Crosby wins face-off versus Mikhail Grabovski in Hurricanes zone.
5:43 of 3rd period - Jay Bouwmeester is hit by Mikhail Grabovski and loses puck.
5:58 of 3rd period - Snap shot by Jiri Hudler.
5:58 of 3rd period - Stopped by Josh Harding without a rebound.
5:59 of 3rd period - Steven Stamkos wins face-off versus Marian Gaborik in Sabres zone.
7:35 of 3rd period - Wrist shot by Viktor Stalberg.
7:35 of 3rd period - Shot Blocked by Alex Pietrangelo.
8:17 of 3rd period - Slapshot by Jiri Hudler.
8:17 of 3rd period - Stopped by Josh Harding with a rebound.
8:38 of 3rd period - Dan Girardi is hit by Tyler Myers and loses puck.
8:48 of 3rd period - Alex Pietrangelo is hit by Aaron Ness and loses puck.
9:17 of 3rd period - Snap shot by Steven Stamkos.
9:17 of 3rd period - Shot Misses the Net.
9:19 of 3rd period - Snap shot by Alex Pietrangelo.
9:19 of 3rd period - Deflect By Steven Stamkos.
9:19 of 3rd period - Stopped by Brian Elliott with a rebound.
9:35 of 3rd period - Snap shot by Marian Gaborik.
9:35 of 3rd period - Shot Blocked by Brooks Orpik.
10:22 of 3rd period - Blake Wheeler is hit by Nate Prosser and loses puck.
10:27 of 3rd period - Wrist shot by Marty Havlat.
10:27 of 3rd period - Shot Misses the Net.
10:29 of 3rd period - Slapshot by Francois Beauchemin.
10:29 of 3rd period - Stopped by Josh Harding without a rebound.
10:30 of 3rd period - Mark Arcobello wins face-off versus Sidney Crosby in Sabres zone.
10:34 of 3rd period - Slapshot by Marty Havlat.
10:34 of 3rd period - Shot Misses the Net.
10:36 of 3rd period - Wrist shot by Dainius Zubrus.
10:36 of 3rd period - Shot Misses the Net.
10:38 of 3rd period - Slapshot by Francois Beauchemin.
10:38 of 3rd period - Shot Blocked by Sidney Crosby.
10:40 of 3rd period - Backhand shot by Thomas Hickey.
10:40 of 3rd period - Shot Misses the Net.
10:56 of 3rd period - Snap shot by Marty Havlat.
10:56 of 3rd period - Stopped by Josh Harding with a rebound.
11:11 of 3rd period - Off-side.
11:12 of 3rd period - Steven Stamkos wins face-off versus Stephen Gionta in neutral zone.
12:05 of 3rd period - Wrist shot by Marian Gaborik.
12:05 of 3rd period - Stopped by Josh Harding with a rebound.
12:07 of 3rd period - Wrist shot by Loui Eriksson.
12:07 of 3rd period - Shot Misses the Net.
12:09 of 3rd period - Snap shot by Aaron Ness.
12:09 of 3rd period - Shot Blocked by Will Acton.
12:11 of 3rd period - Slapshot by Dan Girardi.
12:11 of 3rd period - Shot Blocked by Will Acton.
12:13 of 3rd period - Slapshot by Dan Girardi.
12:13 of 3rd period - Shot Misses the Net.
12:15 of 3rd period - Wrist shot by Mike Fisher.
12:15 of 3rd period - Shot Blocked by Daniel Paille.
12:17 of 3rd period - Wrist shot by Mike Fisher.
12:17 of 3rd period - Deflect By Loui Eriksson.
12:17 of 3rd period - Shot Misses the Net.
12:17 of 3rd period - Puck is out of play.
12:18 of 3rd period - Daniel Paille wins face-off versus Dainius Zubrus in Sabres zone.
12:25 of 3rd period - Slapshot by Jay Bouwmeester.
12:25 of 3rd period - Deflect By Francois Beauchemin.
12:25 of 3rd period - Stopped by Brian Elliott without a rebound.
12:26 of 3rd period - Sidney Crosby wins face-off versus Mark Arcobello in Hurricanes zone.
12:58 of 3rd period - Snap shot by Mark Arcobello.
12:58 of 3rd period - Stopped by Josh Harding with a rebound.
13:00 of 3rd period - Slapshot by Francois Beauchemin.
13:00 of 3rd period - Stopped by Josh Harding with a rebound.
13:02 of 3rd period - Slapshot by Francois Beauchemin.
13:02 of 3rd period - Deflect By Mark Arcobello.
13:02 of 3rd period - Stopped by Josh Harding without a rebound.
13:03 of 3rd period - Steven Stamkos wins face-off versus Mike Fisher in Sabres zone.
14:57 of 3rd period - Slapshot by Brian Flynn.
14:57 of 3rd period - Shot Misses the Net.
15:05 of 3rd period - Wrist shot by Brian Flynn.
15:05 of 3rd period - Deflect By Alec Martinez.
15:05 of 3rd period - Shot Blocked by Alec Martinez.
15:05 of 3rd period - Puck is out of play.
15:06 of 3rd period - Mark Arcobello wins face-off versus Will Acton in Sabres zone.
15:07 of 3rd period - Wrist shot by Marty Havlat.
15:07 of 3rd period - Stopped by Josh Harding with a rebound.
15:23 of 3rd period - Snap shot by Marty Havlat.
15:23 of 3rd period - Deflect By Will Acton.
15:23 of 3rd period - Stopped by Josh Harding with a rebound.
15:25 of 3rd period - Backhand shot by Thomas Hickey.
15:25 of 3rd period - Shot Blocked by Marc-Andre Cliche.
15:27 of 3rd period - Wrist shot by Mark Arcobello.
15:27 of 3rd period - Stopped by Josh Harding without a rebound.
15:28 of 3rd period - Steven Stamkos wins face-off versus Marian Gaborik in Sabres zone.
17:01 of 3rd period - Dwight King is hit by Dainius Zubrus.
17:56 of 3rd period - Icing by Will Acton.
17:57 of 3rd period - Daniel Paille wins face-off versus Mike Fisher in Sabres zone.
18:20 of 3rd period - Wrist shot by Loui Eriksson.
18:20 of 3rd period - Deflect By Mike Fisher.
18:20 of 3rd period - Shot Misses the Net.
18:20 of 3rd period - Puck is out of play.
18:21 of 3rd period - Steven Stamkos wins face-off versus Stephen Gionta in Sabres zone.
18:21 of 3rd period - Steven Stamkos is hit by Viktor Stalberg.
18:43 of 3rd period - Snap shot by Viktor Stalberg.
18:43 of 3rd period - Stopped by Josh Harding with a rebound.
18:45 of 3rd period - Slapshot by Dan Girardi.
18:45 of 3rd period - Stopped by Josh Harding without a rebound.
18:46 of 3rd period - Mark Arcobello wins face-off versus Sidney Crosby in Sabres zone.
18:49 of 3rd period - Snap shot by Marty Havlat.
18:49 of 3rd period - Shot Blocked by Dany Heatley.
19:35 of 3rd period - Zbynek Michalek is hit by Steven Stamkos and loses puck.
19:48 of 3rd period - Wrist shot by Henrik Zetterberg.
19:48 of 3rd period - Stopped by Brian Elliott with a rebound.
19:50 of 3rd period - Snap shot by Henrik Zetterberg.
19:50 of 3rd period - Stopped by Brian Elliott without a rebound.
19:51 of 3rd period - Matt Stajan wins face-off versus Stephen Gionta in Hurricanes zone.
Goals for this period are 0 for Sabres vs 1 for Hurricanes.
Shots for this period are 10 for Sabres vs 17 for Hurricanes.

Overtime #1


0:01 of 1st overtime period - Sidney Crosby wins face-off versus Mike Fisher in neutral zone.
0:25 of 1st overtime period - Slapshot by Sidney Crosby.
0:25 of 1st overtime period - Stopped by Brian Elliott without a rebound.
0:26 of 1st overtime period - Steven Stamkos wins face-off versus Mikhail Grabovski in Hurricanes zone.
0:39 of 1st overtime period - Wrist shot by Mikhail Grabovski.
0:39 of 1st overtime period - Stopped by Josh Harding without a rebound.
0:40 of 1st overtime period - Henrik Zetterberg wins face-off versus Mikhail Grabovski in Sabres zone.
0:45 of 1st overtime period - Slapshot by Henrik Zetterberg.
0:45 of 1st overtime period - Shot Misses the Net.
3:04 of 1st overtime period - Alex Pietrangelo is hit by Francois Beauchemin and loses puck.
3:39 of 1st overtime period - Snap shot by Sidney Crosby.
3:39 of 1st overtime period - Shot Misses the Net.
3:42 of 1st overtime period - Icing by Aaron Ness.
3:43 of 1st overtime period - Steven Stamkos wins face-off versus Mike Fisher in Hurricanes zone.
3:54 of 1st overtime period - Snap shot by Steven Stamkos.
3:54 of 1st overtime period - Shot Blocked by Mike Fisher.
4:53 of 1st overtime period - Wrist shot by Henrik Zetterberg.
4:53 of 1st overtime period - Shot Misses the Net.
4:59 of 1st overtime period - Snap shot by Steven Stamkos.
4:59 of 1st overtime period - Shot Misses the Net.
Goals for this period are 0 for Sabres vs 0 for Hurricanes.
Shots for this period are 1 for Sabres vs 1 for Hurricanes.

ShootOut


5:00 of 1st overtime period - Penalty Shot by Steven Stamkos for Sabres.
5:00 of 1st overtime period - Snap shot by Steven Stamkos.
5:00 of 1st overtime period - Shot Misses the Net.
5:00 of 1st overtime period - Penalty Shot by Radim Vrbata for Hurricanes.
5:00 of 1st overtime period - Wrist shot by Radim Vrbata.
5:00 of 1st overtime period - Stopped by Josh Harding.
5:00 of 1st overtime period - Penalty Shot by Sidney Crosby for Sabres.
5:00 of 1st overtime period - Wrist shot by Sidney Crosby.
5:00 of 1st overtime period - Stopped by Brian Elliott.
5:00 of 1st overtime period - Penalty Shot by Marian Gaborik for Hurricanes.
5:00 of 1st overtime period - Deke by Marian Gaborik.
5:00 of 1st overtime period - Goal by Marian Gaborik.
5:00 of 1st overtime period - Penalty Shot by Blake Wheeler for Sabres.
5:00 of 1st overtime period - Snap shot by Blake Wheeler.
5:00 of 1st overtime period - Stopped by Brian Elliott.


Output by the SimonT Hockey Simulator (STHS) for Eric Dolegowski -- Original Page W3C XHTML 1.0 Valid
Hockey Simulator - Hockey Simulation - Hockey Manager